 Dungeon Crawl Stone Soup version 0.28.0-53-g5a82cb258f (webtiles) character file.

Game seed: 15134269040817852417

107 MiltankisOP the Grave Robber (level 4, -2/30 HPs)
             Began as a Mummy Necromancer on June 24, 2022.
             Slain by an adder (4 damage)
             ... in a sewer.
             The game lasted 00:05:30 (3253 turns).

MiltankisOP the Grave Robber (Mummy Necromancer)    Turns: 3253, Time: 00:05:31

Health: -2/30      AC:  2    Str: 11    XL:     4   Next: 56%
Magic:  4/8        EV: 12    Int: 16    God:
Gold:   61         SH:  0    Dex: 12    Spells: 7/8 levels left

rFire   x . .      SeeInvis .   (no weapon)
rCold   + . .      Faith    .   (no shield)
rNeg    + + +      Spirit   .   a - +0 robe
rPois   ∞          Reflect  .   (no helmet)
rElec   .          Harm     .   (no cloak)
rCorr   .          Rampage  .   (no gloves)
Will    .....                   (no boots)
Stlth   ++........              i - amulet of magic regeneration
HPRegen 0.10/turn               (no ring)
MPRegen 0.51/turn               (no ring)

@: no status effects
A: cold resistance 1, negative energy resistance 3, torment resistance 2, heat
vulnerability 1, no potions
a: no special abilities


You were in a sewer.
You visited 1 branch of the dungeon, and saw 3 of its levels.
You also visited: Sewer.

You collected 61 gold pieces.

Inventory:

Armour
 a - a +0 robe (worn)
Jewellery
 i - an amulet of magic regeneration (around neck)
Scrolls
 b - a scroll of amnesia {unknown}
 c - 2 scrolls of blinking {unknown}
 d - 2 scrolls of identify {unknown}
 e - a scroll of teleportation {unknown}
 f - a scroll of magic mapping {unknown}
 g - a scroll of fear {unknown}
 h - a scroll of torment {unknown}
 j - a scroll of fog {unknown}


   Skills:
 - Level 1.6 Dodging
 - Level 1.6 Stealth
 - Level 2.8 Spellcasting
 + Level 5.9 Necromancy


You had 7 spell levels left.
You knew the following spells:

 Your Spells              Type           Power      Damage    Failure   Level
a - Pain                  Necr           84%        1d8       1%          1

Your spell library contained the following spells:

 Spells                   Type           Power      Damage    Failure   Level
 Animate Skeleton         Necr           42%        N/A       1%          1
 Vampiric Draining        Necr           21%        2d7       4%          3
 Animate Dead             Necr           10%        N/A       17%         4
 Ensorcelled Hibernation  Hex/Ice        4%         N/A       28%         2
 Passwall                 Tmut/Erth      1%         N/A       28%         2
 Agony                    Necr           21%        N/A       43%         5
 Excruciating Wounds      Necr           10%        N/A       43%         5
 Ozocubu's Armour         Ice            2%         N/A       50%         3
 Swiftness                Air            2%         N/A       50%         3
 Ozocubu's Refrigeration  Ice            1%         4d5       100%        7


Dungeon Overview and Level Annotations

Branches:
Dungeon (3/15)              Sewer (1/1)

Altars:


Innate Abilities, Weirdness & Mutations

You are immune to poison.
Your flesh is cold resistant. (rC+)
You are immune to negative energy. (rN+++)
You are immune to unholy pain and torment.
You are vulnerable to heat. (rF-)
You do not drink.


Message History

Aim: an adder (severely wounded, chance to affect: 84%)
The adder writhes in agony.
You kill the adder!
The adder bites you. x3
Casting: Pain (safe; 1% risk of failure)
Confirm with . or Enter, or press ? or * to list all spells.
Aiming: Pain (safe; 1% risk of failure)
Press: ? - help, Shift-Dir - straight line, f - adder
Aim: an adder (chance to affect: 85%)
The adder writhes in agony.
The adder misses you. The adder bites you but does no damage.
The adder bites you.
Casting: Pain (safe; 1% risk of failure)
Confirm with . or Enter, or press ? or * to list all spells.
Aiming: Pain (safe; 1% risk of failure)
Press: ? - help, Shift-Dir - straight line, f/p - adder
Aim: an adder (lightly wounded, chance to affect: 85%)
The adder barely resists.
The adder closely misses you. The adder bites you. The adder misses you.
The river rat barely misses you. The adder barely misses you.
The adder closely misses you.
Casting: Pain (safe; 1% risk of failure)
Confirm with . or Enter, or press ? or * to list all spells.
Aiming: Pain (safe; 1% risk of failure)
Press: ? - help, Shift-Dir - straight line, f/p - adder
Aim: an adder (chance to affect: 85%)
The adder writhes in agony.
The adder closely misses you.
The river rat bites you but does no damage.
The adder barely misses you. The adder bites you.
* * * LOW HITPOINT WARNING * * *
The adder barely misses you.
Casting: Pain (safe; 1% risk of failure)
Confirm with . or Enter, or press ? or * to list all spells.
Aiming: Pain (safe; 1% risk of failure)
Press: ? - help, Shift-Dir - straight line, f/p - adder
Aim: an adder (moderately wounded, chance to affect: 85%)
The adder writhes in agony!
You kill the adder!
The river rat barely misses you. The adder bites you.
* * * LOW HITPOINT WARNING * * *
The adder bites you.
You die...

## ##..∩# ##### ∩..#
##..######...## ####
#...##..#####......###..#######
##.......##...............#..#.
#.........................#....
...........................'.)).
...........................#....
...................≈≈≈≈≈≈≈≈#..#.
≈≈≈≈≈.........r@S≈≈≈≈≈≈≈≈≈≈#####
≈≈≈≈≈≈.......≈SSr≈≈≈≈≈≈≈≈≈≈#
≈≈≈≈≈≈≈≈≈≈≈≈≈≈≈≈≈≈≈≈≈≈≈≈≈≈≈≈#
≈≈≈≈≈≈≈≈≈≈≈≈≈≈≈≈≈≈≈≈≈≈≈≈≈≈#≈#
.........≈r≈≈≈≈≈≈≈≈≈≈≈#≈#
..............≈≈≈≈≈≈≈#≈#≈
.......##......##≈≈≈ ......#
##...... ...... ......


You could see 2 adders, 2 river rats, a ball python and a rat.

Vanquished Creatures
  4 adders
  2 river rats (Sewer)
  2 worms
  2 dart slugs (D:1)
  5 ball pythons
  2 endoplasms
  4 giant cockroaches
  8 goblins
  4 hobgoblins (D:1)
  4 quokkas
  A bat (D:1)
  5 frilled lizards
  3 kobolds
  9 rats
55 creatures vanquished.

Vanquished Creatures (others)
  6 plants (D:3)
6 creatures vanquished.

Grand Total: 61 creatures vanquished

Notes
Turn   | Place    | Note
-------+----------+-------------------------------------------
     0 | D:1      | MiltankisOP the Mummy Necromancer began the quest for the
                  | Orb.
     0 | D:1      | Reached XP level 1. HP: 13/13 MP: 4/4
   195 | D:1      | Reached XP level 2. HP: 8/19 MP: 0/5
  1307 | D:1      | Reached XP level 3. HP: 24/24 MP: 2/7
  1639 | D:1      | Reached skill level 5 in Necromancy
  2790 | D:3      | Found a faded altar of an unknown god.
  3125 | D:3      | Reached XP level 4. HP: 30/30 MP: 6/8
  3130 | D:3      | Found a glowing drain.
  3148 | Sewer    | Entered a sewer
  3253 | Sewer    | Slain by an adder

Illustrated notes

Levels and vault maps discovered:
D:1:      ncdulo_halloftheorcs, layout_basic, serial_co_window_serial,
          co_window_paths_b, co_window_paths_a, co_window_of_opportunity_a,
          co_window_of_opportunity_a, co_window_paths_a, co_window_broadway_a,
          co_window_broadway_b, co_window_corner_b, co_window_unsneaky_path_e,
          co_window_of_opportunity_b, glass_columns_a, minivault_23,
          minmay_shallow_snake_nest
D:2:      layout_basic, interstate_on_off, kennysheep_decorative_pillar
D:3:      layout_basic, serial_bayou, serial_bayou_lagoon_a,
          serial_bayou_shore_b, serial_bayou_lagoon_b, serial_bayou_pond_b,
          serial_bayou_lake_a, serial_bayou_pond_c, portal_sewer_entry_d,
          chequers_ecumenical_altar_simple, hangedman_decor_slide_cut
Sewer:    sewer_minmay_treatment

Skill      XL: |  1  2  3 |
---------------+----------+-----
Necromancy     | 5 |  5.9
Dodging        | |  1.6
Stealth        | |  1.6
Spellcasting   | |  2.8

Action                   |  1- 3 |  4- 6 || total
-------------------------+-------+-------++-------
Melee: Unarmed           |    23 |       ||    23
 Cast: Pain              |    95 |    18 ||   113
Armor: Robe              |     2 |     3 ||     5
Dodge: Dodged            |    26 |    15 ||    41
